 Dungeon Crawl Stone Soup version 0.21.1-1-g345015f (webtiles) character file.

39449 Firecrotchwizard the Brawler (level 13, -2/107 HPs)
             Began as a Minotaur Gladiator on Mar 31, 2018.
             Was the Champion of Hepliaklqana.
             Killed from afar by a lindwurm (11 damage)
             ... with a blast of flame
             ... on level 6 of the Lair of Beasts.
             The game lasted 00:27:08 (17421 turns).

Firecrotchwizard the Brawler (Minotaur Gladiator)  Turns: 17421, Time: 00:27:08

Health: -2/107     AC: 20    Str: 24    XL:     13   Next: 69%
Magic:  17/17      EV: 13    Int:  5    God:    Hepliaklqana [******]
Gold:   885        SH:  0    Dex: 15    Spells: 12/12 levels left

rFire    + . .     SeeInvis .     - Unarmed
rCold    . . .     Gourm    +   (no shield)
rNeg     . . .     Faith    .   M - +0 plate armour
rPois    .         Spirit   .   b - +2 hat
rElec    .         Reflect  .   (no cloak)
rCorr    .         Harm     .   (no gloves)
MR       .....                  O - +2 pair of boots
Stlth    ..........             z - amulet of the gourmand {Gourm, !d}
HPRegen  0.27/turn              p - +3 ring of strength
MPRegen  0.15/turn              v - ring of protection from fire {rF+, !d}

@: slowed, very slow
A: retaliatory headbutt, reduced essence, horns 2
a: Recall Ancestor, Ancestor Identity, Transference, Idealise, Renounce Religion


You were on level 6 of the Lair of Beasts.
You worshipped Hepliaklqana.
Hepliaklqana was exalted by your worship.
You were completely stuffed.

You visited 3 branches of the dungeon, and saw 17 of its levels.

You collected 1259 gold pieces.
You spent 374 gold pieces at shops.

Inventory:

Missiles
 c - 3 throwing nets {=f, !d}
Armour
 b - a +2 hat (worn)
 M - a +0 plate armour (worn)
   (You took it off an orc warrior on level 8 of the Dungeon)
 O - a +2 pair of boots (worn)
   (You found it on level 8 of the Dungeon)
Jewellery
 p - a +3 ring of strength (left hand)
   (You found it on level 2 of the Dungeon)
 v - a ring of protection from fire (right hand) {rF+, !d}
   (You took it off a hobgoblin on level 2 of the Dungeon)
 w - an uncursed ring of see invisible {sInv, !d}
   (You found it on level 4 of the Dungeon)
 y - an uncursed ring of poison resistance {unknown}
   (You found it on level 5 of the Lair of Beasts)
 z - an amulet of the gourmand (around neck) {Gourm, !d}
   (You found it on level 3 of the Dungeon)
 H - an uncursed ring of flight {+Fly, !d}
   (You found it on level 7 of the Dungeon)
Wands
 t - a wand of polymorph (37)
   (You took it off a kobold on level 2 of the Dungeon)
 C - a wand of iceblast (19)
   (You found it on level 5 of the Dungeon)
 Q - a wand of acid (8)
   (You found it on level 8 of the Dungeon)
Scrolls
 e - 3 scrolls of amnesia
 g - 3 scrolls of blinking {!r}
 h - 2 scrolls of enchant weapon
 i - 8 scrolls of remove curse
 l - a scroll of fog
 o - 4 scrolls of enchant armour
 q - 5 scrolls of teleportation
 A - 4 scrolls of identify
 D - 2 scrolls of magic mapping {!r}
 F - a scroll of fear
Potions
 a - 4 potions of agility {unknown}
 j - a potion of invisibility {unknown}
 k - a potion of magic {unknown}
 m - a potion of cancellation {unknown}
 n - 5 potions of degeneration {@e1!q}
 r - a potion of ambrosia {unknown}
 s - 5 potions of brilliance {unknown}
 B - 3 potions of mutation {unknown}
 E - 3 potions of curing {unknown}
 G - 7 potions of flight
 I - 4 potions of might {unknown}
 K - 3 potions of haste {unknown}
Books
 u - a book of Debilitation
   (You found it on level 6 of the Dungeon)
 L - a book of Conjurations {@e1}
   (You found it on level 2 of the Lair of Beasts)
 N - a book of Misfortune
   (You found it on level 8 of the Dungeon)
Comestibles
 d - 34 rations {@e1}
 x - 2 chunks of flesh {@w0}


   Skills:
 + Level 12.8 Fighting
 - Level 2.0 Throwing
 + Level 11.4 Armour
 + Level 10.3 Dodging
 + Level 16.1 Unarmed Combat
 + Level 7.5 Invocations


You had 12 spell levels left.
You didn't know any spells.

Dungeon Overview and Level Annotations

Branches:
Dungeon (10/15)            Temple (1/1) D:5            Lair (6/6) D:9
 Shoals (0/4) Lair:4       Spider (0/4) Lair:4        Slime (0/5) Lair:6
    Orc (0/2) D:9

Altars:
Ashenzari
Cheibriados
Dithmenos
Elyvilon
Fedhas
Gozag
Hepliaklqana
Kikubaaqudgha
Makhleb
Nemelex Xobeh
Okawaru
Qazlal
Ru
Sif Muna
Trog
Uskayaw
Vehumet
Wu Jian
Xom
Yredelemnul
Zin
The Shining One

Shops:
D:9 }

Annotations:
Lair:1 exclusion: oklob plant
Lair:4 exclusion: 4 oklob plants
Lair:6 1 runed door, exclusion: 2 oklob plants


Innate Abilities, Weirdness & Mutations

You reflexively headbutt those who attack you in melee.
You have a pair of horns on your head.
Your life essence is reduced to manifest your ancestor. (-10% HP)


Message History

The hornet stings you but does no damage.
Some of the chunks of flesh in your inventory have rotted away.
Aim: a hornet (almost dead, covered in acid)
The bolt of acid misses the hornet.
The bolt of acid misses the lindwurm.
The bolt of acid hits the torpor snail.
The torpor snail is splashed with acid.
The hornet stings you!
You feel as though you will be slow longer.
The hornet stings you.
* * * LOW HITPOINT WARNING * * *
You feel as though you will be slow longer.
You take 16 damage, and have 28/107 hp.
Aim: a hornet (almost dead, covered in acid)
The bolt of acid hits the hornet.
The hornet is splashed with acid.
The acid corrodes the hornet!
You kill the hornet!
The bolt of acid hits the lindwurm.
The lindwurm is splashed with acid.
The lindwurm breathes flames at you. The blast of flame hits you! You resist.
* * * LOW HITPOINT WARNING * * *
The lindwurm bites you but does no damage.
The lindwurm claws you but does no damage.
The lindwurm misses you.
You take 5 damage, and have 23/107 hp.
You feel much better. The lindwurm bites you. The lindwurm claws you.
The lindwurm closely misses you.
The lindwurm bites you but does no damage.
The lindwurm claws you! The lindwurm claws you.
* * * LOW HITPOINT WARNING * * *
The lindwurm barely misses you. You furiously retaliate!
You headbutt the lindwurm, but do no damage.
The lindwurm claws you but does no damage.
The lindwurm closely misses you.
You regained 8 hp, and now have 31/107 hp.
You feel much better.
The lindwurm bites you but does no damage.
The lindwurm misses you.
The lindwurm claws you but does no damage.
The lindwurm bites you!
The lindwurm claws you but does no damage.
The lindwurm closely misses you. The lindwurm breathes flames at you.
The blast of flame hits you! You resist.
You regained 3 hp, and now have 34/107 hp.
You feel much better. The lindwurm bites you!
The lindwurm claws you but does no damage.
The lindwurm misses you. The lindwurm bites you! The lindwurm misses you.
The lindwurm closely misses you. The lindwurm breathes flames at you.
The blast of flame hits you! You resist.
* * * LOW HITPOINT WARNING * * *
You take 5 damage, and have 29/107 hp.
You punch the lindwurm!
You headbutt the lindwurm, but do no damage.
The lindwurm barely misses you. x2
The lindwurm claws you but does no damage.
The lindwurm bites you but does no damage.
The lindwurm claws you.
* * * LOW HITPOINT WARNING * * *
The lindwurm claws you but does no damage.
You take 1 damage, and have 28/107 hp.
You punch the lindwurm!
You kill the lindwurm!
The lindwurm bites you.
* * * LOW HITPOINT WARNING * * *
The lindwurm claws you.
* * * LOW HITPOINT WARNING * * *
The lindwurm claws you but does no damage.
You take 5 damage, and have 23/107 hp.
You hit the lindwurm but do no damage. The lindwurm bites you.
* * * LOW HITPOINT WARNING * * *
The lindwurm misses you. The lindwurm closely misses you.
You take 6 damage, and have 17/107 hp.
You hit the lindwurm. The torpor snail barely misses you.
You furiously retaliate!
You headbutt the torpor snail! The lindwurm breathes flames at you.
The blast of flame hits you! You resist.
* * * LOW HITPOINT WARNING * * *
You take 1 damage, and have 16/107 hp.
You barely miss the lindwurm. Your headbutt misses the lindwurm.
The torpor snail bites you!
* * * LOW HITPOINT WARNING * * *
The lindwurm barely misses you. The lindwurm closely misses you.
The lindwurm claws you but does no damage.
You take 8 damage, and have 8/107 hp.
You punch the lindwurm! Your headbutt misses the lindwurm.
Your punch misses the lindwurm.
The lindwurm bites you but does no damage.
The lindwurm claws you but does no damage. x2
You pummel the lindwurm!!
You punch the lindwurm, but do no damage.
The torpor snail barely misses you. You furiously retaliate!
You headbutt the torpor snail.
The lindwurm bites you but does no damage.
The lindwurm claws you but does no damage.
The lindwurm misses you.
You hit the lindwurm but do no damage. You headbutt the lindwurm!
You punch the lindwurm. The lindwurm breathes flames at you.
The blast of flame hits you! You resist.
You die...

# ##..#R.##
#####..# #...# .
##..## .# ##..##
... ##....# ....
+#⌠..### .....
##...### ##
###....#
#...##.#
#.##@k...#
##....##
##...w.#..#
###...###.....##
##..†....####
#.##.P.### ##
#####


You could see a torpor snail and a lindwurm.

Vanquished Creatures
  Gastronok (Lair:3)
  The ghost of filthincarnate the Prestidigitator, a journeyman GnWn of Okawaru (Lair:1)
  2 hydras
  3 death yaks (Lair:5)
  Urug (Lair:5)
  An unseen horror (D:5)
  A lindwurm (Lair:6)
  A wolf spider (Lair:4)
  A centaur zombie (D:10)
  3 black mambas
  A torpor snail (Lair:6)
  8 spiny frogs
  3 rime drakes
  7 komodo dragons
  2 polar bears
  A troll (D:9)
  4 hornets (Lair:6)
  2 tyrant leeches (Lair:6)
  13 blink frogs
  5 hippogriffs
  The ghost of worthlessgem the Magician, an amateur DEWz of Kikubaaqudgha (D:5)
  34 yaks
  A basilisk (Lair:6)
  3 wargs (D:9)
  9 porcupines
  4 water moccasins
  A black bear (D:9)
  2 orc warriors
  3 sky beasts
  8 wolves
  2 necrophages
  6 ogres
  An eye of draining (D:10)
  2 centaurs
  The ghost of Skripe the Shield-Bearer, an amateur GrFi (D:3)
  3 crocodiles
  The ghost of Mdefp2 the Magician, an amateur DEFE of Vehumet (D:4)
  6 bullfrogs
  A big kobold (D:9)
  A gnoll sergeant (D:8)
  A wyvern zombie (D:6)
  A scorpion (D:4)
  2 killer bees (D:9)
  5 howler monkeys
  A crimson imp (D:8)
  A quasit (D:10)
  3 hounds
  6 jellies
  4 bullfrog skeletons
  A gnoll shaman (D:8)
  3 iguanas
  8 orc wizards
  8 worker ants
  2 hound skeletons
  A worker ant zombie (D:9)
  22 gnolls
  A howler monkey skeleton (D:6)
  13 adders
  2 shadow imps
  An ooze (D:1)
  3 adder skeletons
  A worm (D:3)
  A dart slug (D:1)
  3 leopard geckos
  26 orcs
  4 giant cockroaches
  7 goblins
  8 hobgoblins
  2 jackals (D:5)
  2 quokkas
  A ball python (D:1)
  8 bats
  6 frilled lizards
  13 kobolds
  8 rats
  A plant (Lair:3)
331 creatures vanquished.

Vanquished Creatures (collateral kills)
  A two-headed ogre (D:8)
  A death yak (Lair:5)
  An ugly thing (D:9)
  2 spiny frogs
  2 black mambas
  2 torpor snails (Lair:6)
  A rime drake (Lair:2)
  2 komodo dragons
  2 trolls
  A tyrant leech (Lair:6)
  A polar bear (Lair:3)
  2 hornets (Lair:6)
  3 blink frogs
  A hippogriff (D:7)
  10 yaks
  3 water moccasins
  An ice beast (D:8)
  An orc warrior (D:9)
  An ogre (D:9)
  A wolf (Lair:1)
  3 crocodiles
  A gnoll sergeant (D:9)
  4 bullfrogs
  A killer bee (D:9)
  An electric eel (Lair:3)
  2 orc priests (D:9)
  4 orc wizards
  A hound zombie (D:5)
  2 gnolls
  A shadow imp (D:7)
  An adder skeleton (D:8)
  5 orcs
  2 kobolds (D:9)
  A leopard gecko skeleton (D:6)
68 creatures vanquished.

Vanquished Creatures (others)
  6 battlemagi
  A bush (Lair:6)
  9 fungi
  20 plants
36 creatures vanquished.

Grand Total: 435 creatures vanquished

Notes
Turn   | Place    | Note
-------+----------+-------------------------------------------
     0 | D:1      | Firecrotchwizard the Minotaur Gladiator began the quest for the Orb.
     0 | D:1      | Reached XP level 1. HP: 18/18 MP: 0/0
   164 | D:1      | Reached XP level 2. HP: 23/25 MP: 1/1
   226 | D:1      | Reached skill level 3 in Fighting
   226 | D:1      | Reached skill level 4 in Unarmed Combat
   233 | D:1      | Found a snail-covered altar of Cheibriados.
   562 | D:1      | Reached XP level 3. HP: 31/31 MP: 2/2
  1609 | D:3      | Noticed a necrophage
  1619 | D:3      | Killed a necrophage
  1619 | D:3      | Reached skill level 4 in Fighting
  1619 | D:3      | Reached skill level 5 in Unarmed Combat
  1619 | D:3      | Reached XP level 4. HP: 31/38 MP: 3/3
  1619 | D:3      | Reached XP level 5. HP: 36/44 MP: 4/4
  2018 | D:3      | Reached skill level 6 in Unarmed Combat
  2148 | D:3      | Noticed a centaur
  2150 | D:3      | Noticed Skripe's ghost (amateur GrFi)
  2156 | D:3      | Killed a centaur
  2156 | D:3      | Reached XP level 6. HP: 42/55 MP: 5/5
  2165 | D:3      | Killed Skripe's ghost
  2165 | D:3      | Reached skill level 5 in Fighting
  2383 | D:3      | Reached skill level 7 in Unarmed Combat
  2684 | D:4      | Reached XP level 7. HP: 53/61 MP: 6/6
  2898 | D:4      | Noticed Mdefp2's ghost (amateur DEFE)
  2910 | D:4      | Killed Mdefp2's ghost
  2966 | D:4      | Reached skill level 6 in Fighting
  3099 | D:4      | Reached skill level 8 in Unarmed Combat
  3708 | D:5      | Entered Level 5 of the Dungeon
  3805 | D:5      | Reached skill level 1 in Armour
  4152 | D:5      | Reached skill level 2 in Armour
  4152 | D:5      | Reached XP level 8. HP: 49/71 MP: 7/7
  4158 | D:5      | Reached skill level 9 in Unarmed Combat
  4337 | D:5      | Found a staircase to the Ecumenical Temple.
  4340 | D:5      | Noticed an unseen horror
  4353 | D:5      | Killed an unseen horror
  4353 | D:5      | Reached skill level 7 in Fighting
  4353 | D:5      | Reached skill level 3 in Armour
  4566 | Temple   | Entered the Ecumenical Temple
  4665 | Temple   | Became a worshipper of Hepliaklqana the Forgotten
  4780 | D:5      | Reached skill level 4 in Armour
  4780 | D:5      | Reached skill level 10 in Unarmed Combat
  4802 | D:5      | Noticed worthlessgem's ghost (amateur DEWz)
  4814 | D:5      | Killed worthlessgem's ghost
  5408 | D:6      | Reached XP level 9. HP: 50/72 MP: 8/8
  5532 | D:6      | Reached * piety under Hepliaklqana
  5600 | D:6      | Reached skill level 8 in Fighting
  6150 | D:7      | Found an opulent altar of Gozag.
  6208 | D:7      | Reached ** piety under Hepliaklqana
  6213 | D:7      | Remembered your ancestor Hrothgar as a battlemage
  6280 | D:7      | Reached skill level 5 in Armour
  6332 | D:7      | Reached skill level 4 in Dodging
  6499 | D:7      | Reached skill level 11 in Unarmed Combat
  7220 | D:8      | Reached skill level 6 in Armour
  7220 | D:8      | Reached skill level 5 in Dodging
  7252 | D:8      | Reached skill level 9 in Fighting
  7771 | D:8      | Noticed a two-headed ogre
  7786 | D:8      | Killed a two-headed ogre
  7786 | D:8      | Reached XP level 10. HP: 81/81 MP: 9/9
  8199 | D:8      | Identified a scroll of acquirement
  8279 | D:9      | Reached skill level 12 in Unarmed Combat
  8281 | D:9      | Found a staircase to the Orcish Mines.
  8289 | D:9      | Noticed a green ugly thing
  8574 | D:9      | Reached skill level 7 in Armour
  8598 | D:9      | Reached *** piety under Hepliaklqana
  8611 | D:9      | Found Baicey Ikag's Gadget Shop.
  8614 | D:9      | Bought a wand of acid (13) for 374 gold pieces
  8641 | D:9      | Reached skill level 6 in Dodging
  8653 | D:9      | Reached skill level 1 in Invocations
  8657 | D:9      | Killed a green ugly thing
  9155 | D:9      | Found a staircase to the Lair.
  9163 | D:9      | Reached skill level 2 in Invocations
  9175 | D:9      | Reached skill level 10 in Fighting
  9760 | Lair:1   | Entered Level 1 of the Lair of Beasts
  9772 | D:10     | Entered Level 10 of the Dungeon
 10279 | D:10     | Reached **** piety under Hepliaklqana
 10480 | D:10     | Reached XP level 11. HP: 89/89 MP: 11/11
 10588 | Lair:1   | Noticed filthincarnate's ghost (journeyman GnWn)
 10615 | Lair:1   | Killed filthincarnate's ghost
 10615 | Lair:1   | Reached skill level 8 in Armour
 10615 | Lair:1   | Reached skill level 7 in Dodging
 10615 | Lair:1   | Reached skill level 13 in Unarmed Combat
 10615 | Lair:1   | Reached skill level 3 in Invocations
 10969 | Lair:1   | Noticed an oklob plant
 11163 | Lair:1   | Reached skill level 4 in Invocations
 11357 | Lair:1   | Reached ***** piety under Hepliaklqana
 11574 | Lair:2   | Noticed a six-headed hydra
 11584 | Lair:2   | Killed a six-headed hydra
 11584 | Lair:2   | Reached skill level 9 in Armour
 11789 | Lair:2   | Reached skill level 11 in Fighting
 11789 | Lair:2   | Reached skill level 8 in Dodging
 11870 | Lair:2   | Reached skill level 14 in Unarmed Combat
 12385 | Lair:3   | Noticed a four-headed hydra
 12391 | Lair:3   | Killed a four-headed hydra
 12391 | Lair:3   | Reached XP level 12. HP: 87/99 MP: 14/14
 12417 | Lair:3   | Reached skill level 5 in Invocations
 12820 | Lair:3   | Noticed Gastronok
 12839 | Lair:3   | Killed Gastronok
 13672 | Lair:4   | Found a staircase to the Shoals.
 13832 | Lair:4   | Reached skill level 10 in Armour
 13861 | Lair:4   | Found a hole to the Spider Nest.
 14149 | Lair:4   | Reached skill level 9 in Dodging
 14207 | Lair:4   | Reached skill level 6 in Invocations
 14866 | Lair:5   | Reached skill level 15 in Unarmed Combat
 15102 | Lair:5   | Reached skill level 12 in Fighting
 15217 | Lair:5   | Noticed Urug
 15225 | Lair:5   | Killed Urug
 15280 | Lair:5   | Reached ****** piety under Hepliaklqana
 15297 | Lair:5   | Reached XP level 13. HP: 83/106 MP: 16/16
 15939 | Lair:6   | Entered Level 6 of the Lair of Beasts
 16107 | Lair:6   | Found a staircase to the Slime Pits.
 16112 | Lair:6   | Reached skill level 7 in Invocations
 16337 | Lair:6   | Reached skill level 11 in Armour
 16422 | Lair:6   | Reached skill level 10 in Dodging
 17197 | Lair:6   | Reached skill level 16 in Unarmed Combat
 17368 | Lair:6   | Found a runed door.
 17410 | Lair:6   | HP: 23/107 [lindwurm/blast of flame (6)]
 17415 | Lair:6   | HP: 26/107 [lindwurm (3)]
 17418 | Lair:6   | HP: 8/107 [torpor snail (8)]
 17421 | Lair:6   | Killed from afar by a lindwurm

Skill      XL: |  1  2  3  4  5  6  7  8  9 10 11 12 13 |
---------------+----------------------------------------+-----
Fighting       | 3 4 5 6 7 9 10 11 12 | 12.8
Unarmed Combat | 4 5 6 7 8 10 11 12 14 15 16 | 16.1
Armour         | 2 4 6 7 9 10 11 | 11.4
Dodging        | 5 6 8 9 10 | 10.3
Invocations    | 2 4 6 7 |  7.5
Throwing       | |  2.0

Action                   |  1- 3 |  4- 6 |  7- 9 | 10-12 | 13-15 || total
-------------------------+-------+-------+-------+-------+-------++-------
Melee: Unarmed           |   112 |    78 |   243 |   437 |   220 ||  1090
       Headbutt          |    15 |    12 |    45 |   106 |    55 ||   233
       Punch             |     1 |     1 |    17 |    27 |    19 ||    65
Invok: Recall Ancestor   |       |       |     1 |     1 |       ||     2
       Ancestor Life: Ba |       |       |     1 |       |       ||     1
Evoke: Wand              |       |       |     6 |    10 |     5 ||    21
  Use: Potion            |       |     1 |       |       |     3 ||     4
       Scroll            |       |     4 |       |    17 |       ||    21
 Stab: Distracted        |       |       |     1 |    10 |     4 ||    15
  Eat: Chunk             |     2 |    12 |    21 |    24 |     7 ||    66
Armor: Ring mail         |    30 |     6 |       |       |       ||    36
       Leather armour    |     3 |       |       |       |       ||     3
       Scale mail        |       |    21 |    53 |       |       ||    74
       Plate armour      |       |       |    10 |   211 |   121 ||   342
Dodge: Dodged            |    60 |    46 |   132 |   161 |   143 ||   542

Vault maps used:
D:1:      scummos_arrival_hexagon, cheibriados_altar_1
D:2:      minmay_tripent
D:4:      first_ration, due_unseen_surprise
D:5:      minmay_temple_entry_nine_rooms
D:7:      nicolae_gozag_seed_capital
D:9:      erik_lair_orcish_takeover, serial_shops, nicolae_shop_behind_doors
Temple:   kilobyte_greek_temple
Lair:1:   minmay_lair_oklob_tunnel, infiniplex_staircase_pool_2
Lair:3:   serial_bayou_shore_a, uniq_gastronok
Lair:4:   shoals_dummy_entry, spider_nest_entry_rubble,
          minmay_lair_oklob_chamber, lemuel_fruit_tree
Lair:5:   beast_lair_carwin_large_1, uniq_urug
Lair:6:   wormcave, minmay_slime_entry_oklob_open

Table legend:
 A = Turns spent in this place as a percentage of turns spent in the entire game.
 B = Non-inter-level travel turns spent in this place as a percentage of non-inter-level travel turns spent in the entire game.
 C = Inter-level travel turns spent in this place as a percentage of turns spent in this place.
 D = Turns resting spent in this place as a percentage of non-inter-level travel turns spent in this place.
 E = Turns spent auto-exploring this place as a percentage of non-inter-level travel turns spent in this place.
 F = Non-inter-level travel turns spent in this place divided by the number of levels of this place that you've seen.
                   A       B       C       D       E      F
               +-------+-------+-------+-------+-------+----------------------
         Total | 100.0 | 100.0 |   2.9 |  27.5 |  58.8 | 995.1
       Dungeon |  59.9 |  59.8 |   3.0 |  25.2 |  61.1 | 1011.9
        Temple |   0.8 |   0.6 |  26.1 |   0.0 |  88.9 |  99.0
          Lair |  39.3 |  39.6 |   2.3 |  31.4 |  54.7 | 1116.3
               +-------+-------+-------+-------+-------+----------------------

Table legend:
 A = Kills in this place as a percentage of kills in entire the game.
 B = Kills by you in this place as a percentage of kills by you in the entire game.
 C = Kills by friends in this place as a percentage of kills by friends in the entire game.
 D = Other kills in this place as a percentage of other kills in the entire game.
 E = Experience gained in this place as a percentage of experience gained in the entire game.
 F = Experience gained in this place divided by the number of levels of this place that you have seen.
                   A       B       C       D       E      F
               +-------+-------+-------+-------+-------+----------------------
         Total | 100.0 | 100.0 | 100.0 |   N/A | 100.0 | 3315.1
       Dungeon |  61.1 |  64.5 |  44.1 |   N/A |  19.5 | 1098.1
          Lair |  38.9 |  35.5 |  55.9 |   N/A |  80.5 | 7562.5
               +-------+-------+-------+-------+-------+----------------------
